[Event "FIDE Womens Grand Swiss 2023"]
[Site "Douglas/Isle of Man"]
[Date "2023.10.25"]
[Round "1.18"]
[White "Vantika Agrawal"]
[Black "Kamalidenova, Meruert"]
[Result "0-1"]
[ECO "E73"]
[WhiteElo "2435"]
[BlackElo "2351"]
[Annotator "RC"]
[PlyCount "124"]
[EventDate "2023.10.04"]
[EventType "swiss"]
[EventCountry "GBR"]
[SourceTitle "playchess.com"]
[Source "ChessBase"]
[SourceQuality "1"]
[TimeControl "40/6000+30:20/3000+30:900+30"]

1. d4 Nf6 2. c4 g6 3. Nc3 Bg7 4. e4 d6 5. Be2 O-O 6. Be3 c5 7. d5 e6 8. Nf3 exd5 9. cxd5 b5 10. e5 dxe5 11. Bxc5 Re8 12. Bxb5 Nbd7 13. Be3 Ng4 14. O-O Nxe3 15. fxe3 Rb8 16. Qe2 a6 17. Bc6 e4 18. Nd4 Rf8 19. Rad1 Ne5 20. h3 f5 21. d6 Bd7 22. Nd5 Kh8 23. Bxd7 Qxd7 24. Qxa6 Nd3 25. Qc6 Rfd8 26. Qxd7 Rxd7 27. Nb3 Nxb2 28. Rc1 Rxd6 29. Nf4 Be5 30. Rc2 Nd1 31. Re2 Nc3 32. Rc2 Nxa2 33. Na5 Nb4 34. Re2 Rc8 35. g4 Nd3 36. gxf5 Bxf4 37. exf4 gxf5 38. Nb3 Rc3 39. Nd2 Nc5 40. Rb1 Rxh3 41. Nc4 Rg6+ 42. Rg2 Nd3 43. Nd6 Rxg2+ 44. Kxg2 Nxf4+ 45. Kg1 Kg7 46. Nxf5+ Kf6 47. Nd4 Rd3 48. Nc2 Kf5 49. Ne1 Rd2 50. Rb7 Nh3+ 51. Kh1 Ng5 52. Kg1 Kf4 53. Rg7 h6 54. Ng2+ Kg3 55. Ne3 Kf3 56. Nf5 e3 57. Re7 Rd1+ 58. Kh2 e2 59. Nh4+ Kf2 60. Ng2 h5 61. Ne1 Kxe1 62. Kg2 Kd2 0-1

[Event "FIDE Womens Grand Swiss 2023"]
[Site "Douglas/Isle of Man"]
[Date "2023.10.25"]
[Round "1.19"]
[White "Mkrtchyan, Mariam"]
[Black "Ushenina, Anna"]
[Result "1/2-1/2"]
[ECO "E05"]
[WhiteElo "2343"]
[BlackElo "2434"]
[Annotator "RC"]
[PlyCount "72"]
[EventDate "2023.10.04"]
[EventType "swiss"]
[EventCountry "GBR"]
[SourceTitle "playchess.com"]
[Source "ChessBase"]
[SourceQuality "1"]
[TimeControl "40/6000+30:20/3000+30:900+30"]

1. d4 d5 2. c4 e6 3. Nf3 Nf6 4. g3 Be7 5. Bg2 O-O 6. O-O dxc4 7. Qc2 b5 8. a4 Bb7 9. axb5 a6 10. bxa6 Nxa6 11. Qxc4 Bd5 12. Qc2 Nb4 13. Rxa8 Nxc2 14. Rxd8 Rxd8 15. Bf4 Rb8 16. Bxc7 Rxb2 17. Nc3 Bxf3 18. Bxf3 Nxd4 19. Rb1 Rxb1+ 20. Nxb1 Nxf3+ 21. exf3 Bb4 22. Bf4 Nd5 23. Bd2 Bc5 24. Nc3 Nxc3 25. Bxc3 g6 26. Kf1 Kf8 27. f4 Ke7 28. Be5 Kd7 29. Ke2 Kc6 30. Kf3 Kd5 31. Bf6 Bd4 32. Bd8 f5 33. h3 Kc4 34. Ke2 Bc5 35. Bf6 Kd5 36. Kf3 Kc4 1/2-1/2

[Event "FIDE Womens Grand Swiss 2023"]
[Site "Douglas/Isle of Man"]
[Date "2023.10.25"]
[Round "1.20"]
[White "Injac, Teodora"]
[Black "Sandu, Mihaela"]
[Result "0-1"]
[ECO "A46"]
[WhiteElo "2426"]
[BlackElo "2298"]
[Annotator "RC"]
[PlyCount "128"]
[EventDate "2023.10.04"]
[EventType "swiss"]
[EventCountry "GBR"]
[SourceTitle "playchess.com"]
[Source "ChessBase"]
[SourceQuality "1"]
[TimeControl "40/6000+30:20/3000+30:900+30"]

1. d4 Nf6 2. Bg5 e6 3. Nf3 h6 4. Bh4 b6 5. e3 Bb7 6. Nbd2 c5 7. c3 Be7 8. h3 cxd4 9. exd4 Nh5 10. Bxe7 Qxe7 11. Qe2 Nc6 12. g3 Nf6 13. Bg2 d6 14. O-O O-O 15. Rfe1 Qd7 16. a4 a5 17. Nh2 Rfe8 18. Ng4 Nxg4 19. Qxg4 Ne7 20. Bxb7 Qxb7 21. Ra3 Nd5 22. Qe4 Qd7 23. Kh2 Rab8 24. Qd3 Rec8 25. Rea1 g6 26. Rb3 Kg7 27. Nc4 h5 28. h4 Nf6 29. Ne3 d5 30. Kg2 Ne4 31. Qe2 Qd6 32. Nf1 Qd7 33. Nd2 Nxd2 34. Qxd2 Rc4 35. Rba3 Re8 36. Qg5 f6 37. Qe3 e5 38. dxe5 Rxe5 39. Qxb6 Rxh4 40. gxh4 Qg4+ 41. Kf1 Qh3+ 42. Kg1 Qg4+ 43. Kf1 Qxh4 44. Qc7+ Kh6 45. Qxe5 fxe5 46. Kg1 Qg4+ 47. Kh2 Qe2 48. b4 Qxf2+ 49. Kh1 g5 50. bxa5 g4 51. R3a2 Qf3+ 52. Kg1 h4 53. a6 h3 54. a7 Qe3+ 55. Kh2 Qxa7 56. a5 Kg5 57. a6 Kh4 58. Rg1 e4 59. c4 dxc4 60. Rg3 e3 61. Re2 Qxa6 62. Rgxe3 c3 63. Re8 Qd6+ 64. Kg1 c2 0-1

[Event "FIDE Womens Grand Swiss 2023"]
[Site "Douglas/Isle of Man"]
[Date "2023.10.25"]
[Round "1.21"]
[White "Arakhamia-Grant, Ketevan"]
[Black "Stefanova, Antoaneta"]
[Result "0-1"]
[ECO "C57"]
[WhiteElo "2297"]
[BlackElo "2424"]
[Annotator "RC"]
[PlyCount "78"]
[EventDate "2023.10.04"]
[EventType "swiss"]
[EventCountry "GBR"]
[SourceTitle "playchess.com"]
[Source "ChessBase"]
[SourceQuality "1"]
[TimeControl "40/6000+30:20/3000+30:900+30"]

1. e4 e5 2. Nf3 Nc6 3. Bc4 Nf6 4. Ng5 d5 5. exd5 b5 6. Bf1 Nxd5 7. Bxb5 Bb7 8. d4 exd4 9. O-O Be7 10. Qh5 g6 11. Qh6 Qd6 12. Na3 Qf6 13. Re1 O-O-O 14. Ne4 Qf5 15. Ng3 Qd7 16. Nc4 Bf8 17. Qh4 Be7 18. Bg5 f6 19. Bh6 f5 20. Bg5 Bxg5 21. Qxg5 Nb6 22. Na5 Qd5 23. Nxb7 Kxb7 24. Be2 Kb8 25. a4 a5 26. Bf3 Qd6 27. Qd2 Nc4 28. Qd3 Qc5 29. Qb3+ Ka7 30. Re6 Rd6 31. Re7 Rc8 32. Rae1 Nd2 33. Qd3 Nxf3+ 34. Qxf3 Nxe7 35. Rxe7 h5 36. Qe2 Rcd8 37. Nf1 Rc6 38. h3 Qxc2 39. Qb5 Qc5 0-1

[Event "FIDE Womens Grand Swiss 2023"]
[Site "Douglas/Isle of Man"]
[Date "2023.10.25"]
[Round "1.22"]
[White "Bulmaga, Irina"]
[Black "Gomez Barrera, Javiera Belen"]
[Result "1-0"]
[ECO "C45"]
[WhiteElo "2423"]
[BlackElo "2266"]
[Annotator "RC"]
[PlyCount "119"]
[EventDate "2023.10.04"]
[EventType "swiss"]
[EventCountry "GBR"]
[SourceTitle "playchess.com"]
[Source "ChessBase"]
[SourceQuality "1"]
[TimeControl "40/6000+30:20/3000+30:900+30"]

1. e4 e5 2. Nf3 Nc6 3. d4 exd4 4. Nxd4 Nf6 5. Nxc6 bxc6 6. Nd2 d5 7. exd5 cxd5 8. Bb5+ Bd7 9. Bxd7+ Qxd7 10. O-O Be7 11. b3 O-O 12. Bb2 Qf5 13. Re1 Bc5 14. Nf3 Rfe8 15. Bxf6 Rxe1+ 16. Qxe1 Qxf6 17. Rd1 Rd8 18. Qe5 Qxe5 19. Nxe5 Rd6 20. Kf1 Bb6 21. Nd3 Rf6 22. f3 g6 23. a4 c6 24. b4 Bc7 25. h3 Re6 26. Rb1 Bg3 27. Rb3 h5 28. Rc3 h4 29. Rc5 Rd6 30. Ke2 Kf8 31. Ra5 Rd7 32. Ra6 Rc7 33. Ke3 Bh2 34. f4 Bg1+ 35. Kd2 Bh2 36. Kc3 f6 37. Kd2 Kf7 38. Kc3 Ke8 39. Kb3 Bg1 40. c4 dxc4+ 41. Kxc4 Ke7 42. f5 g5 43. Nc5 Kd6 44. Ne6 Rb7 45. Nd8 Rb6 46. Nf7+ Ke7 47. Rxa7+ Kf8 48. Nd8 Ke8 49. Ra8 Kd7 50. Ne6 Kd6 51. Re8 Ra6 52. a5 Ra7 53. Nd8 Kd7 54. Rg8 Kd6 55. Ne6 Ke5 56. Rc8 Ra6 57. Nc5 Ra7 58. Rxc6 Kxf5 59. a6 g4 60. b5 1-0

[Event "FIDE Womens Grand Swiss 2023"]
[Site "Douglas/Isle of Man"]
[Date "2023.10.25"]
[Round "1.23"]
[White "Terbe, Julianna"]
[Black "Danielian, Elina"]
[Result "1/2-1/2"]
[ECO "B09"]
[WhiteElo "2266"]
[BlackElo "2416"]
[Annotator "RC"]
[PlyCount "103"]
[EventDate "2023.10.04"]
[EventType "swiss"]
[EventCountry "GBR"]
[SourceTitle "playchess.com"]
[Source "ChessBase"]
[SourceQuality "1"]
[TimeControl "40/6000+30:20/3000+30:900+30"]

1. e4 d6 2. d4 Nf6 3. Nc3 g6 4. f4 Bg7 5. Bd3 O-O 6. Nf3 Nc6 7. Be2 e5 8. dxe5 dxe5 9. Qxd8 Rxd8 10. fxe5 Ng4 11. Nd5 Be6 12. Bg5 Rdc8 13. Nf6+ Kh8 14. Nxg4 Bxg4 15. O-O-O Re8 16. h3 Bxf3 17. gxf3 Rxe5 18. h4 h6 19. Be3 f5 20. Bd3 Nb4 21. Rhg1 Nxd3+ 22. Rxd3 fxe4 23. fxe4 Rxe4 24. Rxg6 Kh7 25. h5 Rae8 26. Bd2 R8e7 27. Rgg3 Rh4 28. Rh3 Rxh3 29. Rxh3 Bf6 30. Rg3 Rg7 31. Be1 Rg5 32. Rh3 Rg1 33. Kd2 Bxb2 34. Rb3 Bd4 35. Rxb7 Bb6 36. Ke2 Rg5 37. a4 a5 38. Bh4 Rxh5 39. Bg3 Rc5 40. Kd3 Kg6 41. c4 Rc6 42. Rb8 Kf5 43. Rf8+ Kg4 44. Rg8+ Kf5 45. Rf8+ Ke6 46. Rh8 Kf7 47. Bf4 Kg7 48. Be5+ Kg6 49. Bf4 Kg7 50. Be5+ Kf7 51. Bf4 Kg7 52. Ke4 1/2-1/2

[Event "FIDE Womens Grand Swiss 2023"]
[Site "Douglas/Isle of Man"]
[Date "2023.10.25"]
[Round "1.24"]
[White "Divya Deshmukh"]
[Black "Kanyamarala, Trisha"]
[Result "1-0"]
[ECO "B23"]
[WhiteElo "2408"]
[BlackElo "2184"]
[Annotator "RC"]
[PlyCount "135"]
[EventDate "2023.10.04"]
[EventType "swiss"]
[EventCountry "GBR"]
[SourceTitle "playchess.com"]
[Source "ChessBase"]
[SourceQuality "1"]
[TimeControl "40/6000+30:20/3000+30:900+30"]

1. e4 c5 2. Nc3 d6 3. f4 Nc6 4. Nf3 e6 5. Bb5 Bd7 6. O-O a6 7. Bxc6 Bxc6 8. f5 e5 9. d3 h6 10. Ne2 b5 11. b3 Nf6 12. c4 Be7 13. h3 Rb8 14. Be3 Qa5 15. Qc1 Bd8 16. b4 cxb4 17. c5 Nd7 18. cxd6 Bb6 19. Qxc6 Bxe3+ 20. Kh1 Qb6 21. Nxe5 Qxc6 22. Nxc6 Rb6 23. Nxb4 Rxd6 24. Nd5 Bb6 25. a4 O-O 26. axb5 axb5 27. Rfb1 Rxd5 28. exd5 Re8 29. Ra2 Re5 30. Rxb5 Rxf5 31. Ng3 Re5 32. Re2 Rg5 33. Re7 Rxg3 34. Rxd7 Bd4 35. Rb8+ Kh7 36. Rxf7 Rxd3 37. Rb1 Be5 38. Rf5 Bf6 39. Rbf1 Kg6 40. R1f3 Rd1+ 41. Rf1 Rd3 42. Kh2 Be7 43. R1f3 Rd1 44. Kg3 Rd2 45. h4 h5 46. Kh3 Rd4 47. g3 Rd2 48. Rf7 Bf6 49. Rd7 Be5 50. Re3 Kf5 51. Ra3 Ke4 52. Ra4+ Kf5 53. Ra3 Ke4 54. d6 Kf5 55. Ra5 Kf6 56. Rxe5 Kxe5 57. Rxg7 Kxd6 58. Rg6+ Kc5 59. Rg5+ Kd4 60. Rxh5 Ke3 61. Re5+ Kf2 62. h5 Rd3 63. Rf5+ Kg1 64. Kh4 Kg2 65. h6 Rd6 66. h7 Rd8 67. Rh5 Rh8 68. g4 1-0

[Event "FIDE Womens Grand Swiss 2023"]
[Site "Douglas/Isle of Man"]
[Date "2023.10.25"]
[Round "1.25"]
[White "Nassr, Lina"]
[Black "Garifullina, Leya"]
[Result "0-1"]
[ECO "B14"]
[WhiteElo "2066"]
[BlackElo "2402"]
[Annotator "RC"]
[PlyCount "54"]
[EventDate "2023.10.04"]
[EventType "swiss"]
[EventCountry "GBR"]
[SourceTitle "playchess.com"]
[Source "ChessBase"]
[SourceQuality "1"]
[TimeControl "40/6000+30:20/3000+30:900+30"]

1. d4 Nf6 2. Nf3 d5 3. e3 c5 4. c4 cxd4 5. exd4 g6 6. Nc3 Bg7 7. h3 O-O 8. Bf4 Nc6 9. c5 Ne4 10. Rc1 Nxc3 11. Rxc3 Bf5 12. Bb5 Qa5 13. Bxc6 bxc6 14. a3 Qa6 15. Qe2 Qxe2+ 16. Kxe2 Be4 17. Rd1 f6 18. g4 e5 19. Be3 f5 20. Ng5 f4 21. f3 fxe3 22. fxe4 exd4 23. Rb3 Rf2+ 24. Kd3 h6 25. Ne6 dxe4+ 26. Kc4 Rc2+ 27. Kb4 a5+ 0-1

[Event "FIDE Womens Grand Swiss 2023"]
[Site "Douglas/Isle of Man"]
[Date "2023.10.26"]
[Round "2.8"]
[White "Goryachkina, Aleksandra"]
[Black "Guichard, Pauline"]
[Result "1/2-1/2"]
[ECO "A28"]
[WhiteElo "2558"]
[BlackElo "2358"]
[Annotator "TA"]
[PlyCount "116"]
[EventDate "2023.10.04"]
[EventType "swiss"]
[EventCountry "GBR"]
[SourceTitle "playchess.com"]
[Source "ChessBase"]
[SourceQuality "1"]
[TimeControl "40/6000+30:20/3000+30:900+30"]

1. c4 Nf6 2. Nc3 e5 3. Nf3 Nc6 4. e4 Bb4 5. d3 d6 6. a3 {[%emt 0:00:18] A28: English Opening: Four Knights Variation.} Bc5 7. b4 Bb6 8. Na4 Bg4 9. Be2 Bxf3 10. Bxf3 Bd4 11. Rb1 a6 12. Bd2 Ba7 13. O-O Nd4 {[%emt 0:06:44] [#]} 14. Kh1 $146 ({Predecessor:} 14. Nc3 O-O 15. Kh1 b5 16. Be2 c6 17. a4 h6 18. f4 bxc4 19. dxc4 exf4 20. Rxf4 {1-0 Deac,B (2627)-Palac,M (2525) FIDE World Cup Europe Hybrid Qual 2021 (2.2)}) 14... O-O 15. Be2 Qd7 {[%emt 0:02:35] Hoping for ...Nxe2.} 16. Nc3 c6 17. f4 Nxe2 18. Qxe2 (18. Nxe2 {simplifies} Kh8 19. fxe5 dxe5 20. Rf3) 18... Qg4 19. Qe1 (19. h3 {simplifies} Qxe2 20. Nxe2 Nd7 21. f5) 19... Nh5 20. f5 Nf4 21. Bxf4 exf4 22. Qe2 Qh4 23. Qf3 (23. Rf3 {simplifies} Qf6 24. Qc2 g5 25. fxg6 fxg6 26. c5) 23... g5 24. Ne2 Be3 {[%emt 0:03:14] ...g4 is the strong threat.} 25. g3 $1 fxg3 26. Nxg3 (26. Qxg3 {simplifies} Qxg3 27. hxg3 Rae8 28. Kg2) 26... Bf4 27. Rg1 f6 28. Rg2 Bxg3 29. Rxg3 Qh6 $1 30. Rbg1 Kh8 31. Qf2 Rad8 32. Qb2 Qg7 33. h4 Qh6 34. Qh2 gxh4 35. Rg4 Rg8 {[%emt 0:01:59] [#]} 36. Qxd6 $1 {[%emt 0:03:43][%cal Oa3a4][%mdl 64] Deflection, Back Rank} h3 $2 (36... Rge8 $11 {and Black has nothing to worry.} 37. Qh2 Rg8) (36... Rgf8 37. Qh2) 37. Qg3 $2 ({Only move:} 37. e5 $1 $18) 37... Rxg4 $11 38. Qxg4 {[%emt 0:00:01][%mdl 4096] Endgame KQR-KQR} h2 39. Rg3 b5 {[%emt 0:00:15] [#]} (39... b6 $1 $11 {remains equal.}) 40. c5 $1 $16 Ra8 41. Qh3 {[%emt 0:58:35] White is more active.} (41. Qe2 $1 $14) 41... Qc1+ $11 42. Kxh2 {[%emt 0:00:00] Threatens to win with Qh4.} Qxa3 $2 {[%emt 0:00:45] [#]} (42... Qd2+ $1 $11 43. Kh1 (43. Rg2 Qf4+ 44. Kg1 Qc1+ 45. Kh2 Qf4+ 46. Kh1 Qf1+ 47. Kh2 Qf4+ $11) 43... a5) 43. Qh6 $2 (43. Qg4 $1 $16 Qa2+ 44. Kh3 (44. Rg2 Qf7 $16)) 43... Qb2+ $1 {[%emt 0:10:56] The position is equal.} 44. Rg2 (44. Kh3 $5 Rg8 $8 45. Rxg8+ Kxg8 46. Qf4 $11) 44... Qe5+ 45. Kh3 Rg8 {[%emt 0:00:16] Wards off Qg7+} 46. Rxg8+ Kxg8 {[%emt 0:00:06] KQ-KQ} 47. Qe3 {[%emt 0:00:00] d4 would be deadly.} Qc3 {[%emt 0:05:17] Against d4} 48. Qg3+ Kf7 49. Qc7+ Kg8 50. Qd8+ Kf7 51. Qd7+ Kg8 52. Qd6 Qa1 53. Kg2 Qb2+ 54. Kf3 Qa1 55. Qxc6 Qf1+ 56. Ke3 {[%emt 0:00:07] Black must now prevent Qe8+.} Qe1+ 57. Kd4 Qa1+ $1 58. Ke3 Qe1+ {[%emt 0:00:04] Weighted Error Value: White=0.24 (precise) /Black=0.23 (precise)} 1/2-1/2

[Event "FIDE Womens Grand Swiss 2023"]
[Site "Douglas/Isle of Man"]
[Date "2023.10.26"]
[Round "2.25"]
[White "Kanyamarala, Trisha"]
[Black "Milliet, Sophie"]
[Result "0-1"]
[ECO "D40"]
[WhiteElo "2184"]
[BlackElo "2391"]
[Annotator "RC"]
[PlyCount "132"]
[EventDate "2023.10.04"]
[EventType "swiss"]
[EventCountry "GBR"]
[SourceTitle "playchess.com"]
[Source "ChessBase"]
[SourceQuality "1"]
[TimeControl "40/6000+30:20/3000+30:900+30"]

1. d4 d5 2. c4 e6 3. Nc3 c5 4. e3 Nf6 5. Nf3 a6 6. a4 Nc6 7. Be2 dxc4 8. Bxc4 cxd4 9. exd4 Be7 10. O-O O-O 11. Be3 Nb4 12. Ne5 Bd7 13. Qf3 Bc6 14. Nxc6 Nxc6 15. Rfd1 Qa5 16. d5 Ne5 17. Qe2 Qc7 18. Ba2 Neg4 19. g3 Nxe3 20. Qxe3 Bc5 21. Qf3 Qb6 22. Rab1 Rad8 23. Kg2 e5 24. Rd2 Qb4 25. Re2 Bd4 26. Qd3 Rd6 27. h3 Rfd8 28. Rc2 g6 29. Qe2 R8d7 30. Rbc1 Qa5 31. Qe1 Kg7 32. Ne4 Qxe1 33. Rxe1 Nxe4 34. Rxe4 Rb6 35. f4 f6 36. Ree2 Rb4 37. Rc4 Rxb2 38. Rxb2 Bxb2 39. fxe5 Bxe5 40. Rc2 Kf8 41. Rc8+ Ke7 42. Rh8 Kd6 43. Kf3 Kc5 44. g4 Kb4 45. Re8 Kxa4 46. Ke4 Bd6 47. Ra8 a5 48. Kd4 b5 49. Bb1 Kb4 50. h4 a4 51. h5 a3 52. Rc8 Be5+ 53. Ke4 Rc7 54. Ra8 Rc4+ 55. Kf3 Rf4+ 56. Ke3 Rxg4 57. hxg6 hxg6 58. Ra6 Kb3 59. d6 Rd4 60. Bxg6 Rxd6 61. Ra8 Kb2 62. Bf7 b4 63. Ra4 Rb6 64. Kd3 b3 65. Re4 a2 66. Re2+ Ka3 0-1

[Event "FIDE Womens Grand Swiss 2023"]
[Site "Douglas/Isle of Man"]
[Date "2023.10.27"]
[Round "3.1"]
[White "Tan, Zhongyi"]
[Black "Stefanova, Antoaneta"]
[Result "1-0"]
[ECO "D30"]
[WhiteElo "2517"]
[BlackElo "2424"]
[Annotator "ChessBase"]
[PlyCount "65"]
[EventDate "2023.10.04"]
[EventType "swiss"]
[EventCountry "GBR"]
[SourceTitle "playchess.com"]
[Source "ChessBase"]
[SourceQuality "1"]
[TimeControl "40/6000+30:20/3000+30:900+30"]

1. d4 d5 2. c4 e6 3. Nf3 Nf6 4. e3 a6 5. b3 c5 6. Be2 cxd4 7. exd4 Bb4+ 8. Bd2 Be7 9. O-O b6 10. a4 Nc6 11. Be3 Bb7 12. Nc3 Rc8 13. Rc1 O-O 14. Ne5 dxc4 15. Nxc6 Bxc6 16. bxc4 Qd7 17. Qb3 a5 18. Rfd1 Bb4 19. Nb5 Qb7 20. Bf1 Rfd8 21. h3 Rd7 22. c5 Rcd8 23. Nd6 Qa8 24. Bg5 Kh8 25. Qg3 Rxd6 26. Bxf6 gxf6 27. cxd6 Bxd6 28. Qh4 Be7 29. Bd3 f5 30. Qxe7 Bxg2 31. Rc7 Rg8 32. Qf6+ Rg7 33. Rxf7 1-0

[Event "FIDE Womens Grand Swiss 2023"]
[Site "Douglas/Isle of Man"]
[Date "2023.10.27"]
[Round "3.2"]
[White "Bulmaga, Irina"]
[Black "Muzychuk, Anna"]
[Result "0-1"]
[ECO "C85"]
[WhiteElo "2423"]
[BlackElo "2510"]
[Annotator "ChessBase"]
[PlyCount "80"]
[EventDate "2023.10.04"]
[EventType "swiss"]
[EventCountry "GBR"]
[SourceTitle "playchess.com"]
[Source "ChessBase"]
[SourceQuality "1"]
[TimeControl "40/6000+30:20/3000+30:900+30"]

1. e4 e5 2. Nf3 Nc6 3. Bb5 a6 4. Ba4 Nf6 5. O-O Be7 6. Bxc6 dxc6 7. Re1 Nd7 8. d4 exd4 9. Qxd4 O-O 10. Bf4 Nc5 11. Qe3 Ne6 12. Bg3 Bc5 13. Qc3 a5 14. Nbd2 Bb4 15. Qe3 Bc5 16. Qc3 Bb4 17. Qb3 Bxd2 18. Red1 Nd4 19. Nxd4 Qxd4 20. Bf4 Be6 21. Qf3 Qxb2 22. Bxd2 Qxc2 23. Bf4 Rfd8 24. Rdc1 Qd3 25. Bxc7 Qxf3 26. gxf3 Rd7 27. Bb6 a4 28. a3 Rd3 29. Kg2 f5 30. Rd1 Rb3 31. Be3 Kf7 32. Kg3 g5 33. exf5 Bxf5 34. Bxg5 Rg8 35. Kf4 Be6 36. Rd6 Rb5 37. h4 Rf5+ 38. Ke4 Re8 39. f4 h6 40. Bd8 Rd5 0-1

[Event "FIDE Womens Grand Swiss 2023"]
[Site "Douglas/Isle of Man"]
[Date "2023.10.27"]
[Round "3.3"]
[White "Paehtz, Elisabeth"]
[Black "Kamalidenova, Meruert"]
[Result "1-0"]
[ECO "A15"]
[WhiteElo "2484"]
[BlackElo "2351"]
[Annotator "ChessBase"]
[PlyCount "81"]
[EventDate "2023.10.04"]
[EventType "swiss"]
[EventCountry "GBR"]
[SourceTitle "playchess.com"]
[Source "ChessBase"]
[SourceQuality "1"]
[TimeControl "40/6000+30:20/3000+30:900+30"]

1. Nf3 Nf6 2. c4 g6 3. b3 Bg7 4. Bb2 d6 5. g3 e5 6. d3 O-O 7. Bg2 c6 8. O-O Na6 9. Nc3 Re8 10. Rc1 Nc7 11. e3 Bf5 12. h3 Qd7 13. Kh2 Rad8 14. e4 Be6 15. c5 dxc5 16. Nxe5 Qd6 17. Na4 Na6 18. f4 Bc8 19. Qc2 Nb4 20. Qxc5 Nxd3 21. Qxd6 Rxd6 22. Rcd1 Red8 23. Ba3 c5 24. Nxc5 Nxc5 25. Rxd6 Rxd6 26. Bxc5 Rd8 27. Bxa7 Be6 28. Bb6 Rd2 29. Rf2 Rd1 30. Bf3 Rd6 31. Bc5 Rd8 32. Be3 Ne8 33. Rd2 Rc8 34. Nd3 Bf8 35. Kg2 Nd6 36. Nf2 Nb5 37. f5 gxf5 38. exf5 Bxf5 39. Rd5 Nd6 40. Bf4 Be6 41. Rg5+ 1-0

[Event "FIDE Womens Grand Swiss 2023"]
[Site "Douglas/Isle of Man"]
[Date "2023.10.27"]
[Round "3.4"]
[White "Guichard, Pauline"]
[Black "Muzychuk, Mariya"]
[Result "1/2-1/2"]
[ECO "D46"]
[WhiteElo "2358"]
[BlackElo "2519"]
[Annotator "ChessBase"]
[PlyCount "84"]
[EventDate "2023.10.04"]
[EventType "swiss"]
[EventCountry "GBR"]
[SourceTitle "playchess.com"]
[Source "ChessBase"]
[SourceQuality "1"]
[TimeControl "40/6000+30:20/3000+30:900+30"]

1. d4 Nf6 2. c4 e6 3. Nf3 d5 4. Nc3 c6 5. e3 Nbd7 6. Qc2 Bd6 7. Bd3 O-O 8. O-O dxc4 9. Bxc4 b5 10. Be2 Bb7 11. e4 e5 12. dxe5 Nxe5 13. Nd4 Neg4 14. g3 Re8 15. Nf5 Bc5 16. Bf4 Qb6 17. Kg2 g6 18. h3 gxf5 19. hxg4 Nxe4 20. gxf5 Nxc3 21. bxc3 Bf8 22. Bf3 c5 23. Bxb7 Qxb7+ 24. f3 Qe7 25. Rf2 Bg7 26. Rh1 Qf6 27. Qb1 a6 28. g4 Qxc3 29. f6 Qxf6 30. Qxh7+ Kf8 31. Kg3 Re6 32. Rd2 c4 33. Rhd1 Qg6 34. Rd8+ Rxd8 35. Rxd8+ Ke7 36. Qg8 Bh6 37. Re8+ Kd7 38. Rd8+ Ke7 39. Re8+ Kd7 40. Rd8+ Ke7 41. Bd6+ Kf6 42. Qh8+ Qg7 1/2-1/2

[Event "FIDE Womens Grand Swiss 2023"]
[Site "Douglas/Isle of Man"]
[Date "2023.10.27"]
[Round "3.5"]
[White "Assaubayeva, Bibisara"]
[Black "Mammadzada, Gunay"]
[Result "1-0"]
[ECO "D46"]
[WhiteElo "2469"]
[BlackElo "2441"]
[Annotator "ChessBase"]
[PlyCount "57"]
[EventDate "2023.10.04"]
[EventType "swiss"]
[EventCountry "GBR"]
[SourceTitle "playchess.com"]
[Source "ChessBase"]
[SourceQuality "1"]
[TimeControl "40/6000+30:20/3000+30:900+30"]

1. c4 c6 2. d4 d5 3. Nc3 Nf6 4. e3 e6 5. Nf3 Nbd7 6. Bd3 b6 7. e4 dxe4 8. Nxe4 Bb7 9. O-O Be7 10. Nc3 O-O 11. Bf4 Re8 12. Bc2 Nf8 13. Ne5 Ng6 14. Bg3 Bd6 15. Qe2 Qe7 16. h4 c5 17. Nb5 Bb8 18. h5 Nf8 19. Rad1 a6 20. Nc3 b5 21. h6 Ng6 22. hxg7 cxd4 23. Rxd4 Qc5 24. Bxg6 fxg6 25. Rfd1 b4 26. Na4 Qa5 27. b3 Ba7 28. Rd7 Be4 29. Nf7 1-0

[Event "FIDE Womens Grand Swiss 2023"]
[Site "Douglas/Isle of Man"]
[Date "2023.10.27"]
[Round "3.6"]
[White "Vaishali, Rameshbabu"]
[Black "Garifullina, Leya"]
[Result "1-0"]
[ECO "B23"]
[WhiteElo "2448"]
[BlackElo "2402"]
[Annotator "ChessBase"]
[PlyCount "49"]
[EventDate "2023.10.04"]
[EventType "swiss"]
[EventCountry "GBR"]
[SourceTitle "playchess.com"]
[Source "ChessBase"]
[SourceQuality "1"]
[TimeControl "40/6000+30:20/3000+30:900+30"]

1. e4 c5 2. Nc3 d6 3. f4 g6 4. Nf3 Bg7 5. Bb5+ Bd7 6. Bc4 Nc6 7. d3 Na5 8. Bd2 e6 9. Qe2 Ne7 10. O-O-O a6 11. f5 b5 12. f6 Bxf6 13. e5 Bg7 14. Ne4 Nb7 15. Bg5 Bc6 16. Bxe6 Bxe4 17. exd6 Nxd6 18. dxe4 Qb6 19. e5 Ndf5 20. Bd7+ Kf8 21. g4 Nd4 22. Nxd4 cxd4 23. Qf3 Ra7 24. Rhf1 Nf5 25. gxf5 1-0

[Event "FIDE Womens Grand Swiss 2023"]
[Site "Douglas/Isle of Man"]
[Date "2023.10.27"]
[Round "3.7"]
[White "Kosteniuk, Alexandra"]
[Black "Roebers, Eline"]
[Result "1/2-1/2"]
[ECO "C19"]
[WhiteElo "2523"]
[BlackElo "2390"]
[Annotator "ChessBase"]
[PlyCount "36"]
[EventDate "2023.10.04"]
[EventType "swiss"]
[EventCountry "GBR"]
[SourceTitle "playchess.com"]
[Source "ChessBase"]
[SourceQuality "1"]
[TimeControl "40/6000+30:20/3000+30:900+30"]

1. e4 e6 2. d4 d5 3. Nc3 Bb4 4. e5 c5 5. a3 Bxc3+ 6. bxc3 Nc6 7. a4 Nge7 8. Bb5 Qa5 9. Bd2 Bd7 10. Qg4 O-O 11. Nf3 f6 12. c4 Qc7 13. cxd5 exd5 14. e6 Be8 15. Bf4 Qa5+ 16. Bd2 Qc7 17. Bf4 Qa5+ 18. Bd2 Qc7 1/2-1/2

[Event "FIDE Womens Grand Swiss 2023"]
[Site "Douglas/Isle of Man"]
[Date "2023.10.27"]
[Round "3.8"]
[White "Goryachkina, Aleksandra"]
[Black "Divya Deshmukh"]
[Result "1-0"]
[ECO "D37"]
[WhiteElo "2558"]
[BlackElo "2408"]
[Annotator "ChessBase"]
[PlyCount "73"]
[EventDate "2023.10.04"]
[EventType "swiss"]
[EventCountry "GBR"]
[SourceTitle "playchess.com"]
[Source "ChessBase"]
[SourceQuality "1"]
[TimeControl "40/6000+30:20/3000+30:900+30"]

1. d4 Nf6 2. c4 e6 3. Nf3 d5 4. Nc3 Be7 5. Bf4 O-O 6. e3 c5 7. dxc5 Bxc5 8. Qc2 Nc6 9. Rd1 Qa5 10. a3 Rd8 11. Nd2 d4 12. Nb3 Qb6 13. Na4 Bb4+ 14. axb4 Qxb4+ 15. Nd2 Qa5 16. Qb3 e5 17. Bg5 Nb4 18. Bxf6 gxf6 19. Be2 Bd7 20. Ra1 dxe3 21. fxe3 b5 22. O-O bxa4 23. Qc3 f5 24. Nf3 f6 25. Nh4 Qc5 26. Nxf5 Bc6 27. Qe1 Kh8 28. Qh4 Qf8 29. Ng3 Qe7 30. Rxf6 Nc2 31. Nf5 Qb7 32. Rf1 Rg8 33. Rxc6 Qxc6 34. Bf3 Qb6 35. c5 Qd8 36. Qe4 Qc7 37. Qxc2 1-0